 Dungeon Crawl Stone Soup version 0.16.0-14-g63f578d (console) character file.

2860 gw the Spear-Bearer (level 9, -2/72 HPs)
             Began as a Merfolk Berserker on Mar 18, 2015.
             Was a High Priest of Trog.
             Slain by a steam dragon (6 damage)
             ... on level 7 of the Dungeon.
             The game lasted 00:15:32 (8833 turns).

gw the Spear-Bearer (Merfolk Berserker)             Turns: 8833, Time: 00:15:32

Health: -2/72      AC:  9    Str: 17    XL:     9   Next: 75%
Magic:  3/3        EV: 21    Int:  6    God:    Trog [*****.]
Gold:   416        SH:  0    Dex: 15    Spells: 0 memorised, 8 levels left

rFire  . . .     SeeInvis .     b - +3 glaive (antimagic)
rCold  + . .     Clarity  .     f - +0 ring mail
rNeg   + . .     SustAb   .     (no shield)
rPois  .         Gourm    .     (no helmet)
rElec  .         Spirit   .     F - +0 cloak
rCorr  .         Warding  +     p - +1 pair of gloves
rMut   .         Stasis   .     (no boots)
MR     ++...                    m - amulet of warding
Stlth  +.........               a - ring of protection from cold
                                o - +4 ring of evasion

@: regenerating, very resistant to hostile enchantments, very unstealthy
A: change form in water, swift swim, repulsion field 1, icy blue scales 1,
clumsy 1
a: Burn Spellbooks, Berserk, Trog's Hand, Brothers in Arms, Renounce Religion


You were on level 7 of the Dungeon.
You worshipped Trog.
Trog was extremely pleased with you.
You were not hungry.

You visited 1 branch of the dungeon, and saw 7 of its levels.
You also visited: Sewer.

You collected 416 gold pieces.

Inventory:

Hand weapons
 b - a +3 antimagic glaive (weapon)
Missiles
 k - 223 stones
 n - 2 needles of confusion
 u - 53 poisoned needles
 z - 2 steel javelins (quivered)
Armour
 f - a +0 ring mail (worn)
 p - a +1 pair of gloves (worn)
 F - a +0 cloak (worn)
Jewellery
 a - a ring of protection from cold (right hand)
 m - an amulet of warding (around neck)
 o - a +4 ring of evasion (left hand)
Magical devices
 q - a wand of enslavement (7)
 s - a wand of polymorph (14)
 C - a wand of confusion (17)
Scrolls
 d - 7 scrolls of identify
 v - a scroll of fog
 y - a scroll of fear
 D - a scroll of vulnerability {unknown}
Potions
 e - a potion of mutation
 w - a potion of berserk rage
 B - 2 potions of curing
Books
 x - a book of Party Tricks {forbidden}

   Spells                             Type                      Level
   a - Summon Butterflies             Summoning                    1
   b - Apportation                    Translocation                1
   c - Tukima's Dance                 Hexes                        3
   d - Alistair's Intoxication        Transmutation/Poison         4
   e - Invisibility                   Hexes                        6
   Trog disapproves of the use of such an item.
 E - a Young Poisoner's Handbook {forbidden}

   Spells                             Type                      Level
   a - Sting                          Conjuration/Poison           1
   b - Cure Poison                    Poison                       2
   c - Mephitic Cloud                 Conjuration/Poison/Air       3
   d - Olgreb's Toxic Radiance        Poison                       4
   e - Venom Bolt                     Conjuration/Poison           5
   Trog disapproves of the use of such an item.
Comestibles
 c - 4 bread rations
 g - a slice of pizza
 h - 2 beef jerkies
 i - 3 fruits
 j - a chunk of flesh
 l - a royal jelly
 t - 2 meat rations


   Skills:
 + Level 7.1 Fighting
 * Level 12.2 Polearms
 + Level 5.8 Throwing
 - Level 1.3 Armour
 + Level 8.1 Dodging


You had 8 spell levels left.
You didn't know any spells.

Dungeon Overview and Level Annotations

Branches:
Dungeon (7/15)
 Temple: D:4-7

Altars:
Dithmenos
Elyvilon
Makhleb
Nemelex Xobeh
Okawaru
Qazlal
Sif Muna
Trog
Vehumet
Yredelemnul
Zin

Shops:
D:7 (


Innate Abilities, Weirdness & Mutations

You revert to your normal form in water.
You are very nimble and swift while swimming.
You are surrounded by a mild repulsion field (EV +2).
You are partially covered in icy blue scales (AC +1).
You are clumsy. (Dex -2)


Message History

Unknown command.
Unknown command.
Unknown command.
MOVING TO (0,-2) Unknown command.
Unknown command.
Unknown command.
Use which ability? (? or * to list)
Your skin crawls.
You feel resistant to hostile enchantments.
You feel slightly more hungry. The steam dragon breathes steam at you.
The ball of steam misses you.
Unknown command.
Unknown command.
Unknown command.
Unknown command.
ATTACK MOVE TO (0,1)
The steam dragon bites you.
You die...

#....# ##..# #..####..# #....##
###..# #### ##.##
#.....####¤...### ##..#
#....##..¤..##_## #..##
#....#...¤.##...######..#
#.)......¤.#8.#.8#..#..##
###[......¤.##...###....#
######........#¤..##)#####..##
#...........###¤m.##)#}###..##
.........#### #D..#}...\.....#
..........### #...##)#}#.....##
............###...##.###......##
.................##...########.##
................##8.#.8# #..#
.................##...## ##..
...............p..##_## ##.
..................#### #..


You could see a steam dragon and a neutral freed slave (wandering).

Table legend:
 A = Turns spent in this place as a percentage of turns spent in the entire game.
 B = Non-inter-level travel turns spent in this place as a percentage of non-inter-level travel turns spent in the entire game.
 C = Inter-level travel turns spent in this place as a percentage of turns spent in this place.
 D = Turns resting spent in this place as a percentage of non-inter-level travel turns spent in this place.
 E = Turns spent auto-exploring this place as a percentage of non-inter-level travel turns spent in this place.
 F = Non-inter-level travel turns spent in this place divided by the number of levels of this place that you've seen.
                   A       B       C       D       E      F
               +-------+-------+-------+-------+-------+----------------------
         Total | 100.0 | 100.0 |   1.2 |   0.8 |   1.7 | 2961.5
       Dungeon |  86.2 |  86.0 |   1.4 |   0.8 |   1.6 | 2912.3
         Sewer |  13.8 |  14.0 |   0.0 |   0.5 |   1.9 | 3306.0
               +-------+-------+-------+-------+-------+----------------------

Table legend:
 A = Kills in this place as a percentage of kills in entire the game.
 B = Kills by you in this place as a percentage of kills by you in the entire game.
 C = Kills by friends in this place as a percentage of kills by friends in the entire game.
 D = Other kills in this place as a percentage of other kills in the entire game.
 E = Experience gained in this place as a percentage of experience gained in the entire game.
 F = Experience gained in this place divided by the number of levels of this place that you have seen.
                   A       B       C       D       E      F
               +-------+-------+-------+-------+-------+----------------------
         Total | 100.0 | 100.0 | 100.0 | 100.0 | 100.0 | 510.9
       Dungeon |  77.1 |  76.9 | 100.0 | 100.0 |  90.3 | 527.0
         Sewer |  22.9 |  23.1 |   0.0 |   0.0 |   9.7 | 398.0
               +-------+-------+-------+-------+-------+----------------------

Vanquished Creatures
  A sky beast (D:7)
  3 phantoms
  2 orc warriors
  2 centaurs
  6 ogres
  2 giant frogs (Sewer)
  The ghost of wheals the Caller, an average OpSu (D:3)
  A gnoll sergeant (D:7)
  A water moccasin skeleton (D:5)
  3 scorpions
  A goliath beetle (D:6)
  A crimson imp (D:5)
  A centaur zombie (D:7)
  A hound (D:6)
  2 orc priests
  A centaur skeleton (D:5)
  An iguana (D:6)
  Natasha (thrice) (D:4)
  3 orc wizards
  7 worker ants
  3 worker ant zombies
  12 adders
  5 gnolls (D:7)
  A river rat (D:3)
  10 giant mites (Sewer)
  2 shadow imps (D:6)
  3 worms
  11 giant geckos
  10 oozes
  18 orcs
  13 bats
  A bat zombie (D:5)
  14 giant cockroaches
  14 hobgoblins
  5 quokkas
  7 ball pythons
  16 giant newts
  A giant spore (D:7)
  17 goblins
  10 jackals
  20 kobolds
  11 rats
  A spectral orc (D:5)
  2 ballistomycetes (D:7)
250 creatures vanquished.

Vanquished Creatures (collateral kills)
  Pikel (D:7)
  A slave (D:7)
  A giant gecko (D:7)
3 creatures vanquished.

Vanquished Creatures (others)
  An ogre (D:6)
1 creature vanquished.

Grand Total: 254 creatures vanquished

Notes
Turn   | Place    | Note
--------------------------------------------------------------
     0 | D:1      | gw, the Merfolk Berserker, began the quest for the Orb.
     0 | D:1      | Reached XP level 1. HP: 18/18 MP: 1/1
   253 | D:1      | Reached XP level 2. HP: 22/24 MP: 2/2
   443 | D:1      | Reached skill level 5 in Polearms
   533 | D:1      | Acquired Trog's second power
   784 | D:1      | Reached skill level 1 in Throwing
   897 | D:1      | Reached XP level 3. HP: 29/29 MP: 3/3
   966 | D:1      | Gained mutation: You are partially covered in icy blue scales (AC +1). [potion of mutation]
   966 | D:1      | Gained mutation: You are clumsy. (Dex -2) [potion of mutation]
   966 | D:1      | Gained mutation: You are surrounded by a mild repulsion field (EV +2). [potion of mutation]
  1443 | D:2      | Reached XP level 4. HP: 28/36 MP: 4/4
  1662 | D:2      | Found a stormy altar of Qazlal.
  1664 | D:2      | Noticed a water elemental
  1665 | D:2      | Noticed a fire elemental
  1665 | D:2      | Noticed an air elemental
  1665 | D:2      | Noticed an earth elemental
  2073 | D:3      | Noticed wheals' ghost (average OpSu)
  2090 | D:3      | Killed wheals' ghost
  2090 | D:3      | Reached skill level 6 in Polearms
  2090 | D:3      | Reached XP level 5. HP: 42/42 MP: 5/5
  2530 | D:3      | Found a glowing drain.
  2697 | Sewer    | Entered a sewer
  2711 | Sewer    | Reached XP level 6. HP: 48/48 MP: 6/6
  2833 | Sewer    | Reached skill level 7 in Polearms
  2946 | Sewer    | Acquired Trog's third power
  3548 | Sewer    | Reached XP level 7. HP: 55/55 MP: 7/7
  3551 | Sewer    | Reached skill level 5 in Dodging
  4029 | D:3      | Noticed an ogre
  4035 | D:3      | Killed an ogre
  4035 | D:3      | Reached skill level 8 in Polearms
  4146 | D:4      | Reached skill level 5 in Fighting
  4222 | D:4      | Found a bloodstained altar of Trog.
  4332 | D:4      | Noticed Natasha
  4337 | D:4      | Killed Natasha
  4438 | D:4      | Noticed Natasha
  4442 | D:4      | Killed Natasha
  4545 | D:4      | Reached skill level 9 in Polearms
  4866 | D:4      | Reached XP level 8. HP: 62/62 MP: 8/8
  5003 | D:4      | Noticed Natasha
  5006 | D:4      | Killed Natasha
  5183 | D:5      | Entered Level 5 of the Dungeon
  5311 | D:5      | Found a burning altar of Makhleb.
  5733 | D:5      | Found a shadowy altar of Dithmenos.
  5912 | D:5      | Found a basalt altar of Yredelemnul.
  6101 | D:5      | Found a deep blue altar of Sif Muna.
  6102 | D:5      | Found a glowing silver altar of Zin.
  6317 | D:5      | Found a deep blue altar of Sif Muna.
  6715 | D:6      | Got a silken robe
  6726 | D:6      | Identified the +0 robe of the Seven Blessings {Str+4 Int+6} (You found it on level 6 of the Dungeon)
  6749 | D:6      | Reached skill level 10 in Polearms
  6821 | D:6      | Found a radiant altar of Vehumet.
  7111 | D:6      | Received a gift from Trog
  7472 | D:6      | Reached XP level 9. HP: 69/69 MP: 9/9
  7521 | D:6      | Reached skill level 11 in Polearms
  7521 | D:6      | Reached skill level 5 in Throwing
  7573 | D:7      | Found a white marble altar of Elyvilon.
  7723 | D:7      | Found Dylal's Antique Weapon Shoppe.
  7959 | D:7      | Received a gift from Trog
  8001 | D:7      | Found a glowing silver altar of Zin.
  8274 | D:7      | Found an iron altar of Okawaru.
  8274 | D:7      | Found a sparkling altar of Nemelex Xobeh.
  8284 | D:7      | Received a gift from Trog
  8681 | D:7      | Reached skill level 12 in Polearms
  8748 | D:7      | Noticed Pikel
  8758 | D:7      | Killed Pikel
  8826 | D:7      | HP: 1/72 [steam dragon/ball of steam (22)]
  8833 | D:7      | Slain by a steam dragon

Action                   |  1- 3 |  4- 6 |  7- 9 || total
-------------------------+-------+-------+-------++-------
Melee: Spear             |   121 |   240 |    50 ||   411
       Trident           |       |       |   188 ||   188
       Halberd           |       |       |    35 ||    35
       Glaive            |       |       |    13 ||    13
Throw: Stone             |     3 |   184 |   155 ||   342
       Javelin           |       |       |    22 ||    22
Invok: Trog's Hand       |       |     3 |     3 ||     6
       Berserk           |       |     3 |     6 ||     9
       Brothers in Arms  |       |       |     2 ||     2
  Use: Scroll            |     2 |     1 |    13 ||    16
       Potion            |     2 |       |     6 ||     8
  Eat: Chunk             |     2 |     9 |    21 ||    32
       Bread ration      |       |       |     1 ||     1

Vault maps used:
D:1:      dpeg_arrival_rooms_with_view
D:2:      nicolae_qazlal_style_of_elements
D:3:      gup_sewer_entry_glass
D:4:      nicolae_overflow_crystal_walls, uniq_natasha
D:5:      yredelemnul_forgotten_temple_becter, lemuel_doored_altar,
          nicolae_overflow_hidden_temple, overflow_temple_1_default,
          first_bread, led_sif_pool
D:6:      fiery_altar_vehumet
D:7:      serial_park_square1, amethyst_overflow_temple_binary,
          overflow_temple_1_default, serial_shops, shop, basic_altar, uniq_pikel
Sewer:    sewer_frog_island_02
